 Dungeon Crawl Stone Soup version 0.20.0-15-g7f486f2 (webtiles) character file.

1671 jjeffwa the Grappler (level 8, -4/79 HPs)
             Began as a Troll Monk on July 3, 2017.
             Shot with an arrow by a centaur (7 damage)
             ... on level 6 of the Dungeon.
             The game lasted 00:31:03 (4305 turns).

jjeffwa the Grappler (Troll Monk)                   Turns: 4305, Time: 00:31:04

Health: -4/79      AC:  6    Str: 22    XL:     8   Next: 70%
Magic:  7/7        EV: 11    Int:  6    God:
Gold:   337        SH:  0    Dex: 12    Spells: 6/7 levels left

rFire    . . .     SeeInvis .     - Unarmed
rCold    + . .     Gourm    +   (no shield)
rNeg     . . .     Faith    .   n - +0 robe
rPois    .         Spirit   .   (helmet restricted)
rElec    .         Reflect  .   (no cloak)
rCorr    .         Harm     .   (gloves unavailable)
MR       .....     Clarity  +   (boots unavailable)
Stlth    ++........             o - amulet of regeneration
Regen    1.1/turn               e - ring of flight
MPRegen  0.1/turn               d - ring of protection from cold

@: no status effects
A: unfitting armour, claws 3, iridescent scales 1, clarity, deformed body, fast
metabolism 3, gourmand, regeneration 1, shaggy fur 1, tough skin 2
a: Evoke Flight


You were on level 6 of the Dungeon.
You were completely stuffed.

You visited 2 branches of the dungeon, and saw 7 of its levels.

You collected 337 gold pieces.

Inventory:

Hand Weapons
 j - a +3 flail of holy wrath
 t - a +0 giant spiked club
Missiles
 f - 31 poisoned needles
Armour
 n - a +0 robe (worn)
Jewellery
 d - a ring of protection from cold (right claw)
 e - a ring of flight (left claw)
 o - an amulet of regeneration (around neck)
 z - an uncursed ring of resist corrosion {unknown}
Wands
 a - a wand of random effects (18/48)
 c - a wand of polymorph (7/24)
 g - a wand of acid (7/15)
 h - a wand of paralysis (5/24)
 m - a wand of lightning (10/15)
 p - a wand of flame (24/48)
 y - a wand of random effects (24/48)
Scrolls
 i - 3 scrolls of magic mapping
 q - 3 scrolls of remove curse
 u - a scroll of fear {unknown}
 x - a scroll of identify
Potions
 s - a potion of curing
Books
 k - a book of Necromancy

   Spells                             Type                      Level
   a - Pain                           Necromancy                   1
   b - Animate Skeleton               Necromancy                   1
   c - Vampiric Draining              Necromancy                   3
   d - Regeneration                   Charms/Necromancy            3
   e - Animate Dead                   Necromancy                   4
   f - Control Undead                 Necromancy                   4
 w - a book of Changes

   Spells                             Type                      Level
   a - Beastly Appendage              Transmutation                1
   b - Sticks to Snakes               Transmutation                2
   c - Spider Form                    Transmutation/Poison         3
   d - Ice Form                       Ice/Transmutation            4
   e - Blade Hands                    Transmutation                5
Comestibles
 b - 6 bread rations
 l - a royal jelly
 r - 3 meat rations
 v - 7 chunks of flesh


   Skills:
 * Level 4.3 Fighting
 + Level 3.7 Dodging
 + Level 2.1 Stealth
 * Level 9.5 Unarmed Combat
 + Level 0.3 Evocations


You had 6 spell levels left.
You knew the following spells:

 Your Spells              Type           Power        Failure   Level  Hunger
a - Animate Skeleton      Necr           N/A          45%         1    ##.....


Dungeon Overview and Level Annotations

Branches:
Dungeon (6/15)             Temple (1/1) D:4

Altars:
Ashenzari
Dithmenos
Elyvilon
Gozag
Hepliaklqana
Kikubaaqudgha
Makhleb
Nemelex Xobeh
Okawaru
Qazlal
Ru
Sif Muna
Trog
Uskayaw
Vehumet
Xom
Yredelemnul
Zin
The Shining One


Innate Abilities, Weirdness & Mutations

You are too large for most types of armour.
You have claws for hands.
Your metabolism is lightning-fast.
You like to eat raw meat.
Your natural rate of healing is unusually fast.
You are covered in fur. (AC +1)
You have very tough skin. (AC +2)
You are partially covered in iridescent scales. (AC +2)
You possess an exceptional clarity of mind.
Armour fits poorly on your strangely shaped body.


Message History

You see here an arrow.
You feel better.
The centaur shoots an arrow.
The arrow hits you!!
* * * LOW HITPOINT WARNING * * *
The centaur unwields an uncursed shortbow.
The centaur hits you.
* * * LOW HITPOINT WARNING * * *
The hound bites you.
* * * LOW HITPOINT WARNING * * *
There is an escape hatch in the ceiling here.
The hound barely misses you.
The centaur hits you but does no damage.
The hound bites you but does no damage.
You see here 2 arrows.
The centaur wields an uncursed shortbow.
The centaur shoots an arrow.
The arrow hits you!
* * * LOW HITPOINT WARNING * * *
You see here 2 arrows.
The hound bites you but does no damage.
The centaur shoots an arrow.
The arrow hits you!
You die...

###### #....# #.##.#
#.##.# #.##.# #.##.# #
######.##(###### .
........(..@h...## # #
........##(.((J..#....
#
#.##########...c<.....#
####. #.#####.##...
..##.# #.# # ..##.##
#.# ......# ######<#
..###.####......# ..#
#......######


You could see a centaur, a hound and a jelly.

Vanquished Creatures
  Pikel (D:4)
  Sigmund (D:3)
  Eustachio (D:6)
  The ghost of Vizrt the Firebug, an amateur DgFE (D:4)
  2 slaves (D:4)
  An ice beast (D:5)
  A centaur (D:5)
  2 ogres (D:5)
  A howler monkey (D:6)
  3 orc priests
  A centaur skeleton (D:6)
  2 orc wizards
  Ijyb (D:3)
  An iguana (D:6)
  2 worker ants
  Robin (D:4)
  8 adders
  2 worms
  A dart slug (D:3)
  4 leopard geckos
  15 orcs
  5 giant cockroaches
  16 goblins
  9 hobgoblins
  2 jackals (D:1)
  4 kobolds
  A ball python (D:2)
  7 bats
  5 frilled lizards
  8 rats
109 creatures vanquished.

Vanquished Creatures (others)
  A worm (D:4)
1 creature vanquished.

Grand Total: 110 creatures vanquished

Notes
Turn   | Place    | Note
-------+----------+-------------------------------------------
     0 | D:1      | jjeffwa the Troll Monk began the quest for the Orb.
     0 | D:1      | Reached XP level 1. HP: 22/22 MP: 0/0
     2 | D:1      | You fall through a shaft!
   214 | D:2      | Found a deep blue altar of Sif Muna.
   235 | D:2      | Reached XP level 2. HP: 27/29 MP: 1/1
   315 | D:2      | Reached XP level 3. HP: 36/36 MP: 2/2
   518 | D:2      | Found a faded altar of an unknown god.
   950 | D:1      | Reached skill level 4 in Unarmed Combat
  1482 | D:3      | Noticed Ijyb
  1486 | D:3      | Paralysed by Ijyb for 6 turns
  1496 | D:3      | Killed Ijyb
  1496 | D:3      | Reached XP level 4. HP: 44/44 MP: 3/3
  1664 | D:3      | Found a shadowy altar of Dithmenos.
  1768 | D:3      | Noticed Sigmund
  1775 | D:3      | Killed Sigmund
  1775 | D:3      | Reached skill level 5 in Unarmed Combat
  1775 | D:3      | Reached XP level 5. HP: 52/53 MP: 4/4
  1775 | D:3      | Reached XP level 6. HP: 60/61 MP: 5/5
  2397 | D:4      | Noticed a slave
  2401 | D:4      | Noticed Pikel
  2402 | D:4      | Noticed a slave
  2407 | D:4      | Noticed a slave
  2410 | D:4      | Killed a slave
  2419 | D:4      | Noticed a slave
  2440 | D:4      | Killed a slave
  2463 | D:4      | Killed Pikel
  2463 | D:4      | Reached skill level 7 in Unarmed Combat
  2463 | D:4      | Reached XP level 7. HP: 15/67 MP: 6/6
  2729 | D:4      | Noticed Robin
  2753 | D:4      | Killed Robin
  2855 | D:4      | Found a staircase to the Ecumenical Temple.
  2861 | Temple   | Entered the Ecumenical Temple
  3145 | D:4      | Noticed Vizrt's ghost (amateur DgFE)
  3156 | D:4      | Killed Vizrt's ghost
  3162 | D:4      | Gained mutation: You possess an exceptional clarity of mind. [potion of mutation]
  3162 | D:4      | Gained mutation: Armour fits poorly on your strangely shaped body. [potion of mutation]
  3162 | D:4      | Gained mutation: You are partially covered in iridescent scales. (AC +2) [potion of mutation]
  3167 | D:4      | Found a bloodstained altar of Trog.
  3389 | D:5      | Entered Level 5 of the Dungeon
  3398 | D:5      | Learned a level 1 spell: Animate Skeleton
  3529 | D:5      | Reached skill level 8 in Unarmed Combat
  3529 | D:5      | Reached XP level 8. HP: 78/78 MP: 7/7
  3681 | D:5      | Found a deep blue altar of Sif Muna.
  4161 | D:6      | Noticed Eustachio
  4176 | D:6      | Killed Eustachio
  4176 | D:6      | Reached skill level 9 in Unarmed Combat
  4304 | D:6      | HP: 2/79 [centaur/arrow (15)]
  4305 | D:6      | Shot with an arrow by a centaur

Skill      XL: |  1  2  3  4  5  6  7  8 |
---------------+-------------------------+-----
Unarmed Combat | 4 5 7 8 9 |  9.5
Dodging        | 3 |  3.7
Fighting       | 3 4 |  4.3
Stealth        | 2 |  2.1
Evocations     | |  0.3

Action                   |  1- 3 |  4- 6 |  7- 9 || total
-------------------------+-------+-------+-------++-------
Melee: Unarmed           |    96 |    95 |   121 ||   312
       Punch             |       |       |     5 ||     5
 Cast: Animate Skeleton  |       |       |     1 ||     1
Evoke: Wand              |       |       |     4 ||     4
  Use: Scroll            |     3 |     4 |     5 ||    12
       Potion            |     1 |     2 |     6 ||     9
 Stab: Sleeping          |     5 |     5 |     2 ||    12
  Eat: Chunk             |    18 |     9 |    18 ||    45
Armor: Robe              |    30 |    11 |    21 ||    62
       Skin              |       |     2 |       ||     2
Dodge: Dodged            |    54 |    39 |    65 ||   158
